 Dungeon Crawl Stone Soup version 0.32-a0-841-g4648e6c (webtiles) character file.

Game seed: 14275327878686279818

3154 Dorkslayer the Cleaver (level 9, -25/57 (61) HPs)
             Began as an Octopode Fighter on Mar 25, 2024.
             Was an Elder of Okawaru.
             Killed from afar by an efreet (30 damage)
             ... with a fireball
             ... on level 7 of the Dungeon on Mar 26, 2024.
             The game lasted 00:17:36 (6316 turns).

Dorkslayer the Cleaver (Octopode Fighter)           Turns: 6316, Time: 00:17:37

HP:   -25/57 (61)   AC:  5    Str: 19    XL:     9   Next: 93%
MP:   0/9           EV: 14    Int: 10    God:    Okawaru [****..]
Gold: 389           SH:  0    Dex: 18    Spells: 8/8 levels left

rFire   . . .        a - +1 war axe
rCold   + . .        b - +2 buckler
rNeg    . . .        (helmet restricted)
rPois   .            q - amulet of guardian spirit
rElec   .            i - +4 ring of protection
rCorr   .            e - +6 ring of dexterity
SInv    .            o - ring of protection from cold
Will    +....        f - ring of willpower
Stlth   +++          (no ring)
HPRegen 0.29/turn    (no ring)
MPRegen 0.11/turn    (no ring)
                     (no ring)

%: guardian spirit
@: confused, on berserk cooldown, slowed, drained, very slow
A: almost no armour, amphibious, 8 rings, camouflage 1, gelatinous body 1,
(nimble swimmer 1), tentacles
a: Renounce Religion, Heroism, Finesse


You were on level 7 of the Dungeon.
You worshipped Okawaru.
Okawaru was greatly pleased with you.
You visited 2 branches of the dungeon, and saw 8 of its levels.
You also visited: Ossuary.

You collected 389 gold pieces.

Inventory:

Hand Weapons
 a - a +1 war axe (weapon)
Armour
 b - a +2 buckler (worn)
Jewellery
 e - a +6 ring of dexterity (right tentacle)
 f - a ring of willpower (on tentacle)
 i - a +4 ring of protection (left tentacle)
 o - a ring of protection from cold (on tentacle)
 q - an amulet of guardian spirit (around mantle)
 w - a ring of ice
Talismans
 p - a serpent talisman
Wands
 r - a wand of mindburst (17)
 t - a wand of polymorph (8)
Scrolls
 n - 2 scrolls of immolation
 s - a scroll of fog
 u - 2 scrolls of enchant armour
 x - a scroll of amnesia
 E - 2 scrolls of fear
Potions
 c - 2 potions of might
 d - 6 potions of attraction
 h - 5 potions of cancellation
 j - 2 potions of lignification
 k - a potion of ambrosia {unknown}
 l - 9 potions of curing
 m - 4 potions of enlightenment
 z - a potion of heal wounds {unknown}
 A - a potion of invisibility {unknown}
 B - a potion of haste {unknown}
 C - a potion of mutation {unknown}
 D - a potion of resistance {unknown}


   Skills:
 + Level 5.1 Fighting
 + Level 8.2 Axes
 + Level 5.4 Dodging
 + Level 6.8 Stealth
 + Level 4.4 Shields
 * Level 5.1 Evocations
 * Level 4.2 Shapeshifting


You had 8 spell levels left.
You didn't know any spells.
Your spell library contained the following spells:

 Spells                   Type           Power      Damage    Failure   Level
 Necrotise                Necr           0%         1d4       43%         1
 Jinxbite                 Hex            0%         N/A       56%         2
 Frozen Ramparts          Ice            0%         1d1       80%         3
 Ozocubu's Armour         Ice            0%         N/A       80%         3
 Vampiric Draining        Necr           0%         2d6       80%         3
 Dimensional Bullseye     Hex/Tloc       0%         N/A       99%         4
 Iskenderun's Mystic Bla  Conj/Tloc      0%         2d3       99%         4
 Curse of Agony           Necr           0%         N/A       100%        5
 Metabolic Englaciation   Hex/Ice        0%         N/A       100%        5
 Yara's Violent Unravell  Hex/Alch       0%         3d3       100%        5
 Enfeeble                 Hex            0%         N/A       100%        7
 Summon Ice Beast         Ice/Summ       Unusable   N/A       N/A         3
 Tukima's Dance           Hex            Unusable   N/A       N/A         3
 Martyr's Knell           Necr/Summ      Unusable   N/A       N/A         4

Dungeon Overview and Level Annotations

Branches:
Dungeon (7/15)             Temple (1/1) D:5         Ossuary (visited)

Altars:
Cheibriados
Dithmenos
Elyvilon
Fedhas
Hepliaklqana
Kikubaaqudgha
Makhleb
Okawaru
Qazlal
Ru
Sif Muna
Trog
Uskayaw
Wu Jian
Xom
Yredelemnul
Zin
The Shining One


Innate Abilities, Weirdness & Mutations

You cannot wear most types of armour.
You are amphibious.
You can wear up to eight rings at the same time.
Your skin changes colour to match your surroundings (Stealth+).
Your rubbery body absorbs attacks. (AC +1, EV +1)
((You are camouflaged when in or above water. (Stealth+)))
You have tentacles for arms and can constrict up to eight enemies at once.


Message History

You are engulfed in noxious fumes.
You choke on the stench!
You are more confused.
Unknown command.
You're too confused to move!
You feel a strong urge to attack something.
You are engulfed in noxious fumes.
You are no longer berserk.
You are exhausted.
You feel yourself slow down. 1lSu2w's ghost hits you.
You feel drained.
You slash 1lSu2w's ghost! 1lSu2w's ghost is almost destroyed.
You are engulfed in noxious fumes.
You choke on the stench!
You are more confused. 1lSu2w's ghost hits you.
You feel drained.
You miss 1lSu2w's ghost.
You squeeze 1lSu2w's ghost. 1lSu2w's ghost is almost destroyed.
You are engulfed in noxious fumes.
You choke on the stench!
You are more confused. 1lSu2w's ghost casts a spell at you.
The blast of sand misses you.
You miss 1lSu2w's ghost.
Your squeeze misses 1lSu2w's ghost. 1lSu2w's ghost is almost destroyed.
You are engulfed in noxious fumes.
You choke on the stench!
You are more confused. 1lSu2w's ghost misses you. 1lSu2w's ghost points at you and mumbles some strange words.
The stone arrow misses you.
You hit 1lSu2w's ghost.
You destroy 1lSu2w's ghost!
Okawaru is honoured by your kill.
You can now speed up your combat.
You are engulfed in noxious fumes.
You choke on the stench!
You are more confused.
Unknown command.
The efreet gestures at you. The bolt of fire hits you!!
* * * LOW HITPOINT WARNING * * *
The efreet gestures at you.
The fireball explodes!
The fireball engulfs you!!
Ouch! That really hurt!
You die...

.##.##..##
#)†######..
..###.?##
#.......#.. ...#..##
#####...#####..
###..##
######..........#...
##..##
#...##.###...#####.#
#...# #$?.##.# ##.##
#.. ..#.# #☼○[##.#
#.# #.# .##.#
##R###.# #.# #..
....# #.§@##.####.#
##. ###.#
#...........# #. #.#
##..##.############.
#.#
##.##.)).....<..###
#.#########
#.############## #
#.........####.# ##
#########.#....# ##.
##........# ####..
#...####..# #.....


You could see an efreet.

Vanquished Creatures
  The ghost of 1lSu2w the Digger, a novice OnEE (D:7)
  Menkaure (Ossuary)
  Edmund (D:5)
  2 water moccasins
  2 ice beasts
  A black bear (D:6)
  3 ogres
  A centaur (D:7)
  2 phantoms
  A gnoll sergeant (D:7)
  Blork the orc (D:6)
  A bullfrog (D:6)
  4 scorpions
  7 wights
  A howler monkey (D:5)
  5 bombardier beetles
  2 jellies
  3 hounds
  3 orc priests
  3 sleepcaps
  3 iguanas
  2 orc wizards (D:7)
  Terence (D:2)
  Natasha (thrice) (D:2)
  4 mummies
  5 gnolls (D:7)
  10 adders
  3 white imps
  4 ufetubi
  A dart slug (D:3)
  A ribbon worm (D:3)
  13 orcs
  4 ball pythons
  8 endoplasms
  A giant cockroach (D:4)
  7 goblins
  7 hobgoblins
  6 kobolds
  5 quokkas
  3 bats
  5 frilled lizards
  A gnoll skeleton (Ossuary)
  A gnoll zombie (Ossuary)
  6 goblin skeletons (Ossuary)
  6 goblin zombies (Ossuary)
  4 hobgoblin skeletons (Ossuary)
  6 hobgoblin zombies
  5 kobold skeletons (Ossuary)
  3 kobold zombies (Ossuary)
  5 orc skeletons (Ossuary)
  6 orc zombies
  6 rats
  4 rat skeletons (Ossuary)
  5 rat zombies (Ossuary)
199 creatures vanquished.

Notes
Turn   | Place    | Note
-------+----------+-------------------------------------------
     0 | D:1      | Dorkslayer the Octopode Fighter began the quest for the
                  | Orb.
     0 | D:1      | Reached XP level 1. HP: 16/16 MP: 1/1
   192 | D:1      | Reached XP level 2. HP: 21/21 MP: 2/2
   313 | D:1      | Got Sif Muna's Parchment of Refrigeration
   952 | D:2      | Noticed Terence
   956 | D:2      | Reached XP level 3. HP: 26/26 MP: 3/3
   958 | D:2      | Killed Terence
   959 | D:2      | Reached skill level 1 in Stealth
  1051 | D:2      | Reached XP level 4. HP: 29/31 MP: 4/4
  1299 | D:2      | Noticed Natasha
  1305 | D:2      | Killed Natasha
  1316 | D:2      | Noticed Natasha
  1321 | D:2      | Killed Natasha
  1322 | D:2      | Reached skill level 3 in Axes
  1322 | D:2      | Reached XP level 5. HP: 37/37 MP: 5/5
  1564 | D:2      | Noticed Natasha
  1566 | D:2      | Killed Natasha
  1778 | D:3      | Noticed an ogre
  1785 | D:3      | Killed an ogre
  1786 | D:3      | Reached XP level 6. HP: 27/43 MP: 6/6
  2337 | D:3      | Reached skill level 4 in Axes
  2675 | D:4      | Upgraded the game from 0.32-a0-837-g8d3e27d to
                  | 0.32-a0-841-g4648e6c
  2896 | D:4      | Reached XP level 7. HP: 48/48 MP: 7/7
  3061 | D:4      | Found a blossoming altar of Fedhas.
  3189 | D:4      | Reached skill level 1 in Shapeshifting
  3210 | D:4      | Reached skill level 5 in Stealth
  3347 | D:5      | Entered Level 5 of the Dungeon
  3408 | D:5      | Reached skill level 1 in Evocations
  3435 | D:5      | Found a staircase to the Ecumenical Temple.
  3444 | Temple   | Entered the Ecumenical Temple
  3459 | Temple   | Became a worshipper of Warmaster Okawaru
  3515 | D:5      | Reached skill level 5 in Axes
  3533 | D:5      | Reached XP level 8. HP: 34/54 MP: 4/8
  3617 | D:5      | Noticed Edmund
  3626 | D:5      | Killed Edmund
  3669 | D:5      | Reached * piety under Okawaru
  4082 | D:6      | Noticed Blork the orc
  4090 | D:6      | Killed Blork the orc
  4091 | D:6      | Reached skill level 6 in Axes
  4389 | D:6      | Reached ** piety under Okawaru
  4394 | D:6      | Reached XP level 9. HP: 59/59 MP: 9/9
  4650 | D:6      | Reached skill level 7 in Axes
  4650 | D:6      | Reached skill level 5 in Dodging
  4901 | D:6      | Found a hazy altar of Hepliaklqana.
  5113 | D:7      | Found a shimmering blue altar of Sif Muna.
  5114 | D:7      | Found a bloodstained altar of Trog.
  5218 | D:7      | Found a sand-covered staircase.
  5225 | Ossuary  | Entered an ossuary
  5422 | Ossuary  | Noticed Menkaure
  5427 | Ossuary  | Killed Menkaure
  5650 | D:7      | Reached *** piety under Okawaru
  5651 | D:7      | Reached skill level 5 in Fighting
  5666 | D:7      | Found a runed translucent door.
  5683 | D:7      | Noticed 1lSu2w's ghost (novice OnEE)
  5683 | D:7      | Noticed an efreet
  5686 | D:7      | Noticed a +0 hand axe
  5687 | D:7      | Noticed a +0 hand axe
  5688 | D:7      | Found a hide-covered altar of Uskayaw.
  5873 | D:7      | Reached skill level 8 in Axes
  5880 | D:7      | Reached skill level 5 in Evocations
  6036 | D:7      | Found a burning altar of Makhleb.
  6036 | D:7      | Noticed a cacodemon
  6039 | D:7      | Noticed an orange demon
  6039 | D:7      | Noticed an orange demon
  6315 | D:7      | Killed 1lSu2w's ghost
  6315 | D:7      | Reached **** piety under Okawaru
  6316 | D:7      | Killed from afar by an efreet

Illustrated notes

Levels and vault maps discovered:
D:1:      saegor_arrival_simple_a, layout_basic, serial_glass, glass_columns_a,
          glass_columns_c, glass_columns_a, glass_columns_c
D:2:      layout_basic, dk_vineyard_1, uniq_natasha, uniq_terence
D:3:      layout_loops_ring
D:4:      layout_basic, fedhas_altar_decomposition
D:5:      layout_basic, minmay_temple_entry_tees, uniq_edmund
D:6:      layout_basic, mainiacjoe_overflow_alcove_2, uniq_blork_the_orc
D:7:      layout_loops_ring, hellmonk_overflow_destroyed_library,
          makhleb_altar_promises_db, dancing_weapons_uskayaw,
          ebering_ghost_inner_flame, nicolae_ossuary_entry_giza
Temple:   hellmonk_temple_flake

Skill      XL: |  1  2  3  4  5  6  7  8  9 |
---------------+----------------------------+-----
Stealth        | 1 2 3 4 5 6 |  6.8
Axes           | 3 4 5 6 8 |  8.2
Fighting       | 4 5 |  5.1
Dodging        | 4 5 |  5.4
Shapeshifting  | 1 3 4 |  4.2
Evocations     | 2 3 5 |  5.1
Shields        | 4 |  4.4

Action                     |  1- 3 |  4- 6 |  7- 9 || total
---------------------------+-------+-------+-------++-------
  Melee: War axe           |    39 |    84 |   340 ||   463
         Constrict         |    11 |    27 |    75 ||   113
         Tentacles         |     5 |    19 |    97 ||   121
  Evoke: Wand              |       |       |    14 ||    14
    Use: Potion            |       |     1 |     1 ||     2
         Scroll            |       |     6 |    12 ||    18
   Stab: Sleeping          |     2 |    13 |     8 ||    23
         Distracted        |       |       |     2 ||     2
 Armour: Skin              |    19 |    33 |    95 ||   147
  Dodge: Dodged            |    22 |    36 |   134 ||   192
  Block: Buckler           |     9 |     8 |    63 ||    80

Table legend: (Time is in decaauts)
 A = Elapsed time spent in this place.
 B = Non-inter-level travel time spent in this place.
 C = Inter-level travel time spent in this place.
 D = Time resting spent in this place.
 E = Time spent auto-exploring this place.
 F = Levels seen in this place.
 G = Mean time per level.
                   A        B        C        D        E       F      G
               +--------+--------+--------+--------+--------+-----+--------+
         Total |   6444 |   6444 |      0 |     66 |   3367 |   9 |  716.0 |
       Dungeon |   6110 |   6110 |      0 |     66 |   3367 |   7 |  872.9 |
        Temple |     26 |     26 |      0 |      0 |      0 |   1 |   26.0 |
       Ossuary |    306 |    306 |      0 |      0 |      0 |   1 |  306.0 |
               +--------+--------+--------+--------+--------+-----+--------+

Top non-repeatable levels by time:
     D:6: 1044 daAuts
     D:4: 994 daAuts
     D:7: 926 daAuts
     D:1: 881 daAuts
     D:3: 813 daAuts
     D:2: 738 daAuts
     D:5: 713 daAuts
 Ossuary: 306 daAuts
  Temple: 26 daAuts
